TOP OF THE 1ST |
Colorado Commanders batting - Pitching for Jasper Cougars : LHP Alfredo Maestas
|
Pitching: LHP Alfredo Maestas
|
|
Batting: RHB Nick Crosby
|
0-0: Called Strike 0-1: Swinging Strike 0-2: Ball 1-2: Strikes out swinging, 2-3 out at first.
|
Batting: RHB Lawrence Ware
|
0-0: Ball 1-0: SINGLE (Line Drive, 89S)
|
Batting: RHB Nick Vogel
|
0-0: Ball 1-0: 2-RUN HOME RUN (Flyball, 78XD), Distance : 393 ft
|
Batting: RHB Eliot James
|
0-0: Fly out, F7 (Flyball, 7)
|
Batting: LHB Roberto Herrera
|
0-0: Called Strike 0-1: Called Strike 0-2: Strikes out looking
|
Top of the 1st over - 2 run(s), 2 hit(s), 0 error(s), 0 left on base; Colorado 2 - Jasper 0 |
BOTTOM OF THE 1ST |
Jasper Cougars batting - Pitching for Colorado Commanders : RHP Bob Brock
|
Pitching: RHP Bob Brock
|
|
Batting: LHB Darren Holland
|
0-0: SINGLE (Groundball, 15S) (infield hit)
|
Batting: RHB Bob Cole
|
0-0: Foul Ball, location: 2F 0-1: Ball Darren Holland is caught stealing 2nd base 1-1: Foul Ball, location: 2F 1-2: Strikes out swinging
|
Batting: LHB Jon Rogers
|
0-0: Called Strike 0-1: Ball 1-1: Ball 2-1: Foul Ball, location: 2F 2-2: Strikes out swinging
|
Bottom of the 1st over - 0 run(s), 1 hit(s), 0 error(s), 0 left on base; Colorado 2 - Jasper 0 |
TOP OF THE 2ND |
Colorado Commanders batting - Pitching for Jasper Cougars : LHP Alfredo Maestas
|
Batting: RHB Carl O'Dell
|
0-0: Ball 1-0: Ball 2-0: Ball 3-0: Base on Balls
|
Batting: RHB Alfonso Flores
|
0-0: Ground out 5-3 (Groundball, 56S) Carl O'Dell to second
|
Batting: RHB Joe Sulley
|
0-0: Called Strike 0-1: DOUBLE (Line Drive, 5D) Carl O'Dell scores
|
Batting: RHB Pete Davis
|
0-0: Ball 1-0: Called Strike 1-1: Swinging Strike 1-2: Strikes out swinging
|
Batting: RHB Nick Crosby
|
0-0: Foul Ball, location: 2F 0-1: Ball 1-1: Ground out 4-3 (Groundball, 4S)
|
Top of the 2nd over - 1 run(s), 1 hit(s), 0 error(s), 1 left on base; Colorado 3 - Jasper 0 |
BOTTOM OF THE 2ND |
Jasper Cougars batting - Pitching for Colorado Commanders : RHP Bob Brock
|
Batting: RHB Alberto Castillo
|
0-0: Ball 1-0: Called Strike 1-1: Foul Ball, location: 2F 1-2: Foul Ball, location: 2F 1-2: Ball 2-2: Foul Ball, location: 2F 2-2: Ball 3-2: Strikes out swinging
|
Batting: RHB Juan Carlos
|
0-0: Ball 1-0: Called Strike 1-1: Ball 2-1: Foul Ball, location: 2F 2-2: Foul Ball, location: 2F 2-2: SINGLE (Groundball, 34D)
|
Batting: RHB José Maldonado
|
0-0: Called Strike Juan Carlos is caught stealing 2nd base 0-1: Ball 1-1: Foul Ball, location: 2F 1-2: Ball 2-2: Ground out 6-3 (Groundball, 6MD)
|
Bottom of the 2nd over - 0 run(s), 1 hit(s), 0 error(s), 0 left on base; Colorado 3 - Jasper 0 |
TOP OF THE 3RD |
Colorado Commanders batting - Pitching for Jasper Cougars : LHP Alfredo Maestas
|
Batting: RHB Lawrence Ware
|
0-0: Foul Ball, location: 2F 0-1: Foul Ball, location: 2F 0-2: Ball 1-2: Fly out, F7 (Flyball, 78M)
|
Batting: RHB Nick Vogel
|
0-0: Swinging Strike 0-1: Ball 1-1: Swinging Strike 1-2: Strikes out looking
|
Batting: RHB Eliot James
|
0-0: Ball 1-0: Ball 2-0: Called Strike 2-1: Ball 3-1: Called Strike 3-2: Base on Balls
|
Batting: LHB Roberto Herrera
|
0-0: SINGLE (Groundball, 34D) Eliot James to second Runner from 2nd tries for 3rd, SAFE, throw made to third
|
Batting: RHB Carl O'Dell
|
0-0: Ball 1-0: Fly out, F6 (Popup, 6D)
|
Top of the 3rd over - 0 run(s), 1 hit(s), 0 error(s), 2 left on base; Colorado 3 - Jasper 0 |
BOTTOM OF THE 3RD |
Jasper Cougars batting - Pitching for Colorado Commanders : RHP Bob Brock
|
Batting: RHB Ben Wilson
|
0-0: Called Strike 0-1: Foul Ball, location: 2F 0-2: Ball 1-2: SINGLE (Line Drive, 6D)
|
Batting: SHB Kel Davis
|
0-0: Ball 1-0: Ball 2-0: Fly out, F8 (Flyball, 8RM)
|
Batting: RHB Scott McGuire
|
0-0: Ball 1-0: Ball 2-0: Foul Ball, location: 2F 2-1: Foul Ball, location: 2F 2-2: Strikes out swinging
|
Batting: LHB Darren Holland
|
0-0: Called Strike 0-1: Foul Ball, location: 2F 0-2: Ball 1-2: Fielders Choice at 2nd, 4-6 (Groundball, 4)
|
Bottom of the 3rd over - 0 run(s), 1 hit(s), 0 error(s), 0 left on base; Colorado 3 - Jasper 0 |
TOP OF THE 4TH |
Colorado Commanders batting - Pitching for Jasper Cougars : LHP Alfredo Maestas
|
Batting: RHB Alfonso Flores
|
0-0: Called Strike 0-1: Ball 1-1: Called Strike 1-2: Ball 2-2: Foul Ball, location: 2F 2-2: Strikes out swinging
|
Batting: RHB Joe Sulley
|
0-0: Foul Ball, location: 2F 0-1: Fly out, F5 (Line Drive, 56)
|
Batting: RHB Pete Davis
|
0-0: Ground out 6-3 (Groundball, 6)
|
Top of the 4th over - 0 run(s), 0 hit(s), 0 error(s), 0 left on base; Colorado 3 - Jasper 0 |
BOTTOM OF THE 4TH |
Jasper Cougars batting - Pitching for Colorado Commanders : RHP Bob Brock
|
Batting: RHB Bob Cole
|
0-0: Ball 1-0: Ball 2-0: Fly out, F7 (Flyball, 7)
|
Batting: LHB Jon Rogers
|
0-0: Foul Ball, location: 2F 0-1: Called Strike 0-2: Ball 1-2: Ball 2-2: Ball 3-2: Base on Balls
|
Batting: RHB Alberto Castillo
|
0-0: Called Strike 0-1: Called Strike Jon Rogers is caught stealing 2nd base 0-2: SINGLE (Groundball, 6MD)
|
Batting: RHB Juan Carlos
|
0-0: Ball 1-0: Called Strike 1-1: Fly out, F8 (Flyball, 8RM)
|
Bottom of the 4th over - 0 run(s), 1 hit(s), 0 error(s), 1 left on base; Colorado 3 - Jasper 0 |
TOP OF THE 5TH |
Colorado Commanders batting - Pitching for Jasper Cougars : LHP Alfredo Maestas
|
Batting: RHB Nick Crosby
|
0-0: Ball 1-0: Ball 2-0: Foul Ball, location: 2F 2-1: Ball 3-1: Foul Ball, location: 2F 3-2: SINGLE (Line Drive, 4M)
|
Batting: RHB Lawrence Ware
|
0-0: Foul Ball, location: 2F 0-1: Ball 1-1: Ball 2-1: Foul Ball, location: 2F 2-2: Ball 3-2: Fly out, F3 (Popup, 3L)
|
Batting: RHB Nick Vogel
|
0-0: Grounds into double play, 6-4-3 (Groundball, 6)
|
Top of the 5th over - 0 run(s), 1 hit(s), 0 error(s), 0 left on base; Colorado 3 - Jasper 0 |
BOTTOM OF THE 5TH |
Jasper Cougars batting - Pitching for Colorado Commanders : RHP Bob Brock
|
Batting: RHB José Maldonado
|
0-0: Foul Ball, location: 2F 0-1: Ball 1-1: SINGLE (Groundball, 4D)
|
Batting: RHB Ben Wilson
|
0-0: Swinging Strike 0-1: Ball 1-1: Ball 2-1: Fly out, F9 (Flyball, 9S)
|
Batting: SHB Kel Davis
|
0-0: SINGLE (Flyball, 9LS) José Maldonado to second Runner from 2nd tries for 3rd, SAFE, throw made to third
|
Batting: RHB Scott McGuire
|
0-0: Hit by Pitch Kel Davis to second
|
Batting: LHB Darren Holland
|
0-0: Ball 1-0: Called Strike 1-1: Ball 2-1: Swinging Strike 2-2: Foul Ball, location: 2F 2-2: Strikes out swinging
|
Batting: RHB Bob Cole
|
0-0: Called Strike 0-1: Fly out, F5 (Line Drive, 5L)
|
Bottom of the 5th over - 0 run(s), 2 hit(s), 0 error(s), 3 left on base; Colorado 3 - Jasper 0 |
TOP OF THE 6TH |
Colorado Commanders batting - Pitching for Jasper Cougars : LHP Alfredo Maestas
|
Batting: RHB Eliot James
|
0-0: SINGLE (Groundball, 4MD)
|
Batting: LHB Roberto Herrera
|
0-0: Foul Ball, location: 2F 0-1: Ball 1-1: Ball 2-1: Reached on error, E5 (Groundball, 56) Eliot James to second
|
Batting: RHB Carl O'Dell
|
0-0: Called Strike 0-1: Foul Ball, location: 2F 0-2: Ball 1-2: Foul Ball, location: 2F 1-2: Strikes out swinging
|
Batting: RHB Alfonso Flores
|
0-0: Ground out U3 (Groundball, 23) Eliot James to third Roberto Herrera to second
|
Batting: RHB Joe Sulley
|
0-0: Ball 1-0: Ball 2-0: Ball 3-0: Called Strike 3-1: Foul Ball, location: 2F 3-2: Base on Balls
|
Batting: RHB Pete Davis
|
0-0: Ball 1-0: Ground out 5-3 (Groundball, 56S)
|
Top of the 6th over - 0 run(s), 1 hit(s), 1 error(s), 3 left on base; Colorado 3 - Jasper 0 |
BOTTOM OF THE 6TH |
Jasper Cougars batting - Pitching for Colorado Commanders : RHP Bob Brock
|
Batting: LHB Jon Rogers
|
0-0: Called Strike 0-1: DOUBLE (Groundball, 5L)
|
Batting: RHB Alberto Castillo
|
0-0: Called Strike 0-1: Ball 1-1: Ball 2-1: Foul Ball, location: 2F 2-2: SINGLE (Line Drive, 6D) Jon Rogers to third Runner from 3rd tries for Home, SAFE, no throw
|
Batting: RHB Juan Carlos
|
0-0: Ball Alberto Castillo is caught stealing 2nd base 1-0: Swinging Strike 1-1: Ball 2-1: Swinging Strike 2-2: Ball 3-2: SINGLE (Groundball, 25) (infield hit)
|
Pitching: RHP Domingo Cruz
|
|
Batting: RHB José Maldonado
|
0-0: Swinging Strike 0-1: Ball 1-1: Foul Ball, location: 2F 1-2: Strikes out swinging
|
Batting: RHB Ben Wilson
|
0-0: Ball 1-0: Swinging Strike 1-1: Ball 2-1: Foul Ball, location: 2F 2-2: SINGLE (Groundball, 6D) Juan Carlos to second
|
Batting: SHB Kel Davis
|
0-0: Called Strike 0-1: Called Strike 0-2: Strikes out swinging
|
Bottom of the 6th over - 1 run(s), 4 hit(s), 0 error(s), 2 left on base; Colorado 3 - Jasper 1 |
TOP OF THE 7TH |
Colorado Commanders batting - Pitching for Jasper Cougars : LHP Alfredo Maestas
|
Pitching: RHP A.J. Wellman
|
|
Batting: RHB Nick Crosby
|
0-0: SINGLE (Groundball, 6MD)
|
Batting: RHB Lawrence Ware
|
0-0: Ball 1-0: Swinging Strike 1-1: Ball 2-1: Foul Ball, location: 2F 2-2: Foul Ball, location: 2F 2-2: Foul Ball, location: 2F Balk! Nick Crosby to second 2-2: Foul Ball, location: 2F 2-2: Ground out U3 (Groundball, 3S) Nick Crosby to third
|
Batting: RHB Nick Vogel
|
0-0: Intentional Walk
|
Batting: RHB Eliot James
|
0-0: SINGLE (Groundball, 4MD) Nick Crosby scores Nick Vogel to second Runner from 2nd tries for 3rd, OUT!
|
Batting: LHB Roberto Herrera
|
0-0: Called Strike 0-1: Swinging Strike 0-2: Strikes out looking
|
Top of the 7th over - 1 run(s), 2 hit(s), 0 error(s), 1 left on base; Colorado 4 - Jasper 1 |
BOTTOM OF THE 7TH |
Jasper Cougars batting - Pitching for Colorado Commanders : RHP Domingo Cruz
|
Batting: RHB Scott McGuire
|
0-0: Foul Ball, location: 2F 0-1: Called Strike 0-2: SINGLE (Line Drive, 4M)
|
Batting: LHB Darren Holland
|
0-0: Swinging Strike 0-1: Ball 1-1: Swinging Strike 1-2: Strikes out swinging
|
Batting: RHB Bob Cole
|
0-0: Ball 1-0: Swinging Strike 1-1: Foul Ball, location: 2F 1-2: Foul Ball, location: 2F 1-2: Fielders Choice at 2nd, 6-4 (Groundball, 6)
|
Batting: LHB Jon Rogers
|
0-0: Ball 1-0: Fielders Choice at 2nd, 4-6 (Groundball, 4)
|
Bottom of the 7th over - 0 run(s), 1 hit(s), 0 error(s), 0 left on base; Colorado 4 - Jasper 1 |
TOP OF THE 8TH |
Colorado Commanders batting - Pitching for Jasper Cougars : RHP A.J. Wellman
|
Batting: RHB Carl O'Dell
|
0-0: Called Strike 0-1: Foul Ball, location: 2F 0-2: Strikes out swinging
|
Batting: RHB Alfonso Flores
|
0-0: Ball 1-0: Ball 2-0: Ball 3-0: Called Strike 3-1: Called Strike 3-2: Base on Balls
|
Batting: RHB Joe Sulley
|
0-0: Called Strike 0-1: Fly out, F8 (Flyball, 8RD)
|
Batting: RHB Pete Davis
|
0-0: Called Strike Alfonso Flores steals 2nd base 0-1: SINGLE (Line Drive, 56) Alfonso Flores to third Runner from 3rd tries for Home, SAFE, no throw
|
Pitching: LHP Robert Williams
|
|
Batting: RHB Nick Crosby
|
0-0: Ball 1-0: Foul Ball, location: 2F 1-1: Foul Ball, location: 2F 1-2: Strikes out swinging
|
Top of the 8th over - 1 run(s), 1 hit(s), 0 error(s), 1 left on base; Colorado 5 - Jasper 1 |
BOTTOM OF THE 8TH |
Jasper Cougars batting - Pitching for Colorado Commanders : RHP Domingo Cruz
|
Batting: RHB Alberto Castillo
|
0-0: SINGLE (Groundball, 6S) (infield hit)
|
Batting: RHB Juan Carlos
|
0-0: Ball 1-0: Ball 2-0: Called Strike 2-1: Foul Ball, location: 2F 2-2: Fly out, F3 (Popup, 3L)
|
Pitching: LHP Juan Parrot
|
|
Batting: RHB José Maldonado
|
0-0: Fly out, F9 (Flyball, 89M)
|
Batting: RHB Ben Wilson
|
0-0: Called Strike 0-1: Ball 1-1: Ball 2-1: Ball 3-1: Fly out, F9 (Line Drive, 89S)
|
Bottom of the 8th over - 0 run(s), 1 hit(s), 0 error(s), 1 left on base; Colorado 5 - Jasper 1 |
TOP OF THE 9TH |
Colorado Commanders batting - Pitching for Jasper Cougars : LHP Robert Williams
|
Batting: RHB Lawrence Ware
|
0-0: Called Strike 0-1: Foul Ball, location: 2F 0-2: Ball 1-2: Ball 2-2: Foul Ball, location: 2F 2-2: Foul Ball, location: 2F 2-2: Ball 3-2: Base on Balls
|
Batting: RHB Nick Vogel
|
0-0: Ball 1-0: Foul Ball, location: 2F 1-1: Ball 2-1: Foul Ball, location: 2F 2-2: Ball 3-2: Base on Balls Lawrence Ware to second
|
Batting: RHB Eliot James
|
0-0: Ball 1-0: Ball 2-0: Foul Ball, location: 2F 2-1: Foul Ball, location: 2F 2-2: Strikes out swinging
|
Batting: LHB Roberto Herrera
|
0-0: Called Strike 0-1: Foul Ball, location: 2F 0-2: Ball 1-2: Foul Ball, location: 2F 1-2: SINGLE (Line Drive, 6M) Lawrence Ware to third Nick Vogel to second
|
Batting: RHB Carl O'Dell
|
0-0: Foul Ball, location: 2F 0-1: Foul Ball, location: 2F 0-2: Ball 1-2: DOUBLE (Line Drive, 78M) Lawrence Ware scores Nick Vogel scores Roberto Herrera to third Runner from 3rd tries for Home, SAFE, throw made at trailing runner, SAFE at third!
|
Pitching: LHP Edgardo Reyes
|
|
Batting: RHB Alfonso Flores
|
0-0: Called Strike 0-1: Foul Ball, location: 2F 0-2: Foul Ball, location: 2F 0-2: Ball 1-2: Ball 2-2: Strikes out swinging
|
Batting: RHB Joe Sulley
|
0-0: Ball Wild Pitch! Carl O'Dell scores 1-0: Called Strike 1-1: Swinging Strike 1-2: Ball 2-2: SINGLE (Groundball, 3D)
|
Pinch Hitting: LHB Merrill Erickson
|
0-0: Called Strike 0-1: Ball 1-1: Swinging Strike 1-2: Foul Ball, location: 2F 1-2: Strikes out looking
|
Top of the 9th over - 4 run(s), 3 hit(s), 0 error(s), 1 left on base; Colorado 9 - Jasper 1 |
BOTTOM OF THE 9TH |
Jasper Cougars batting - Pitching for Colorado Commanders : LHP Juan Parrot
|
Now at 2B: Júlio Ramos
|
|
Now in LF: Francisco García
|
|
Batting: SHB Kel Davis
|
0-0: Ball 1-0: Foul Ball, location: 2F 1-1: Foul Ball, location: 2F 1-2: Foul Ball, location: 2F 1-2: Strikes out swinging
|
Batting: RHB Scott McGuire
|
0-0: Swinging Strike 0-1: Called Strike 0-2: Ball 1-2: Ball 2-2: Ball 3-2: Strikes out swinging
|
Batting: LHB Darren Holland
|
0-0: Ball 1-0: Called Strike 1-1: Called Strike 1-2: Strikes out looking
|
Bottom of the 9th over - 0 run(s), 0 hit(s), 0 error(s), 0 left on base; Colorado 9 - Jasper 1 |
|